 Dungeon Crawl Stone Soup version 0.21.1-1-g345015fe64 (webtiles) character file.

3756 Nattfarinn the Blocker (level 10, -1/80 HPs)
             Began as a Gnoll Fighter on May 6, 2018.
             Was an Elder of Okawaru.
             Slain by an orc warrior
             ... wielding a +0 scimitar
              (13 damage)
             ... on level 7 of the Dungeon.
             The game lasted 00:13:06 (6567 turns).

Nattfarinn the Blocker (Gnoll Fighter)              Turns: 6567, Time: 00:13:06

Health: -1/80      AC: 13    Str: 22    XL:     10   Next: 15%
Magic:  17/17      EV: 13    Int: 11    God:    Okawaru [****..]
Gold:   300        SH:  0    Dex: 16    Spells: 18/18 levels left

rFire    . . .     SeeInvis .   q - +2 great mace (holy)
rCold    . . .     Gourm    .   (shield currently unavailable)
rNeg     . . .     Faith    .   b - +0 scale mail
rPois    .         Spirit   .   (no helmet)
rElec    .         Reflect  .   E - +0 cloak
rCorr    .         Harm     .   F - +2 pair of gloves
MR       .....                  (no boots)
Stlth    +++.......             (no amulet)
HPRegen  0.23/turn              k - +2 ring of dexterity
MPRegen  0.15/turn              r - ring of stealth

@: hasted, very quick
A: distributed training, fangs 1, strong nose
a: Heroism, Renounce Religion


You were on level 7 of the Dungeon.
You worshipped Okawaru.
Okawaru was greatly pleased with you.
You were not hungry.

You visited 1 branch of the dungeon, and saw 8 of its levels.

You collected 300 gold pieces.

Inventory:

Hand Weapons
 a - a +0 war axe
 l - a +1 falchion of protection
 p - a cursed -1 hand axe
 q - a +2 great mace of holy wrath (weapon)
 t - a +1 quarterstaff of speed
Missiles
 K - 8 poisoned tomahawks (quivered)
 L - 32 arrows
Armour
 b - a +0 scale mail (worn)
 c - a +0 shield
 E - a +0 cloak (worn)
 F - a +2 pair of gloves (worn)
Jewellery
 k - a +2 ring of dexterity (left hand)
 r - a ring of stealth (right hand)
Wands
 i - a wand of iceblast (11)
 B - a wand of digging (11)
 C - a wand of paralysis (14)
Scrolls
 g - 4 scrolls of identify {unknown}
 m - 5 scrolls of immolation
 v - 2 scrolls of teleportation
 w - 2 scrolls of blinking
 y - a scroll of enchant weapon {unknown}
 z - a scroll of random uselessness {unknown}
 A - 3 scrolls of enchant armour {unknown}
 D - 3 scrolls of magic mapping {unknown}
 G - a scroll of fear {unknown}
Potions
 d - 2 potions of might
 e - a potion of resistance {unknown}
 h - a potion of haste
 j - 4 potions of heal wounds {unknown}
 n - 4 potions of lignification {unknown}
 o - a potion of ambrosia {unknown}
 s - 2 potions of cancellation {unknown}
 u - a potion of curing
 x - a potion of flight {unknown}
 H - a potion of agility {unknown}
 I - a potion of mutation {unknown}
 J - a potion of magic {unknown}
Comestibles
 f - 7 rations


   Skills:
 + Level 8.3 Fighting
 + Level 4.9 Short Blades
 + Level 4.9 Long Blades
 + Level 6.8 Axes
 + Level 4.9 Maces & Flails
 + Level 4.9 Polearms
 + Level 4.9 Staves
 + Level 4.9 Slings
 + Level 4.9 Bows
 + Level 4.9 Crossbows
 + Level 4.9 Throwing
 + Level 8.3 Armour
 + Level 4.9 Dodging
 + Level 4.9 Stealth
 + Level 8.3 Shields
 + Level 4.9 Unarmed Combat
 + Level 4.9 Spellcasting
 + Level 4.0 Conjurations
 + Level 4.0 Hexes
 + Level 4.0 Charms
 + Level 4.0 Summonings
 + Level 4.0 Necromancy
 + Level 4.0 Translocations
 + Level 4.0 Transmutations
 + Level 4.0 Fire Magic
 + Level 4.0 Ice Magic
 + Level 4.0 Air Magic
 + Level 4.0 Earth Magic
 + Level 4.0 Poison Magic
 + Level 5.4 Invocations
 + Level 4.9 Evocations


You had 18 spell levels left.
You didn't know any spells.

Dungeon Overview and Level Annotations

Branches:
Dungeon (8/15)             Temple (0/1) D:6
   Lair: D:8-11

Altars:
Dithmenos
Makhleb
Nemelex Xobeh
Okawaru

Shops:
D:4 }

Annotations:
D:8 Kuruc's ghost, novice TrBe


Innate Abilities, Weirdness & Mutations

Your experience applies equally to all skills.
You have very sharp teeth.
Your uncanny sense of smell can sniff out nearby items.


Message History

The orc warrior hits you with a scimitar.
* * * LOW HITPOINT WARNING * * *
Okay, then.
It was a potion of curing.
You feel better. The orc priest barely misses you.
The orc warrior hits you with a scimitar.
* * * LOW HITPOINT WARNING * * *
You feel better.
You barely miss the orc priest. Your bite misses the orc priest.
The orc priest looks satisfied for a moment.
The orc warrior barely misses you.
You barely miss the orc priest.
The orc priest calls upon Beogh to heal the orc warrior.
The orc warrior's wounds heal themselves!
The orc warrior hits you with a scimitar.
* * * LOW HITPOINT WARNING * * *
You bludgeon the orc priest!!
You kill the orc priest!
Okawaru accepts your kill.
The orc warrior hits you with a scimitar!
You die...

.....####...##
##...........p.##
...........##
#...............#
#.#.#####..#
#...............#
#...#####..#
#...............#
..####.....#
#...............#
...##...##.#
#...............#
#..........##
#...............#
#..#....#...#
##)..>.........##
##.##...#.#.#
##@o.....#.....##
##.##.......#
#..#############
##.#####.#..###.###
##.#
#..........####
##.#
####....(.....##
##.#####
#...p[<.##..#####
.......#
#......p###.....##
.......#
#.........#####..#
.......#
#.......#..#####.#


You could see an orc warrior and a neutral freed slave (wandering).

Vanquished Creatures
  Pikel (D:7)
  The ghost of Tegun the Basher, a novice OpSk (D:6)
  Joseph (D:7)
  Grinder (D:4)
  An orc warrior (D:5)
  3 ogres
  3 centaurs
  2 phantoms
  3 bullfrogs (D:7)
  A wyvern skeleton (D:7)
  A water moccasin skeleton (D:7)
  2 scorpions
  3 wights (D:7)
  3 crimson imps (D:5)
  A quasit (D:7)
  A gnoll shaman (D:5)
  3 orc priests
  3 hounds
  A bullfrog skeleton (D:4)
  2 jellies (D:7)
  A centaur skeleton (D:4)
  4 orc wizards (D:6)
  4 worker ants
  2 iguanas
  3 hound skeletons
  2 howler monkey skeletons
  14 gnolls
  8 adders
  A shadow imp (D:6)
  An ooze (D:3)
  An adder skeleton (D:7)
  4 worms
  4 leopard geckos
  7 orcs
  8 giant cockroaches
  2 goblins
  6 hobgoblins
  3 quokkas
  4 bats
  A frilled lizard (D:2)
  A jackal skeleton (D:7)
  11 kobolds
  4 quokka skeletons
  6 rats
139 creatures vanquished.

Vanquished Creatures (others)
  A sky beast (D:6)
1 creature vanquished.

Grand Total: 140 creatures vanquished

Notes
Turn   | Place    | Note
-------+----------+-------------------------------------------
     0 | D:1      | Nattfarinn the Gnoll Fighter began the quest for the Orb.
     0 | D:1      | Reached XP level 1. HP: 23/23 MP: 1/1
   107 | D:1      | Reached XP level 2. HP: 28/29 MP: 2/2
   112 | D:1      | Found an iron altar of Okawaru.
   133 | D:1      | Became a worshipper of Warmaster Okawaru
   746 | D:2      | Reached XP level 3. HP: 35/35 MP: 3/3
   833 | D:2      | Reached skill level 1 in Invocations
  1026 | D:2      | Reached skill level 1 in Short Blades
  1026 | D:2      | Reached skill level 1 in Long Blades
  1026 | D:2      | Reached skill level 1 in Maces & Flails
  1026 | D:2      | Reached skill level 1 in Polearms
  1026 | D:2      | Reached skill level 1 in Staves
  1026 | D:2      | Reached skill level 1 in Slings
  1026 | D:2      | Reached skill level 1 in Bows
  1026 | D:2      | Reached skill level 1 in Crossbows
  1026 | D:2      | Reached skill level 1 in Throwing
  1026 | D:2      | Reached skill level 1 in Dodging
  1026 | D:2      | Reached skill level 1 in Stealth
  1026 | D:2      | Reached skill level 1 in Unarmed Combat
  1026 | D:2      | Reached skill level 1 in Spellcasting
  1026 | D:2      | Reached skill level 1 in Evocations
  1060 | D:2      | Reached XP level 4. HP: 34/41 MP: 5/5
  1553 | D:3      | Reached skill level 1 in Conjurations
  1553 | D:3      | Reached skill level 1 in Hexes
  1553 | D:3      | Reached skill level 1 in Charms
  1553 | D:3      | Reached skill level 1 in Summonings
  1553 | D:3      | Reached skill level 1 in Necromancy
  1553 | D:3      | Reached skill level 1 in Translocations
  1553 | D:3      | Reached skill level 1 in Transmutations
  1553 | D:3      | Reached skill level 1 in Fire Magic
  1553 | D:3      | Reached skill level 1 in Ice Magic
  1553 | D:3      | Reached skill level 1 in Air Magic
  1553 | D:3      | Reached skill level 1 in Earth Magic
  1553 | D:3      | Reached skill level 1 in Poison Magic
  1564 | D:3      | Noticed an ogre
  1570 | D:3      | Killed an ogre
  1570 | D:3      | Reached XP level 5. HP: 11/47 MP: 5/7
  1868 | D:3      | Reached * piety under Okawaru
  1873 | D:3      | Found a burning altar of Makhleb.
  2523 | D:4      | Reached XP level 6. HP: 53/53 MP: 8/8
  2598 | D:4      | Noticed a phantom
  2601 | D:4      | Killed a phantom
  2601 | D:4      | Reached skill level 5 in Axes
  2703 | D:4      | Found Xuopluro's Gadget Boutique.
  2888 | D:4      | Reached XP level 7. HP: 55/59 MP: 10/10
  2919 | D:4      | Noticed Grinder
  2921 | D:4      | Paralysed by Grinder for 2 turns
  2927 | D:4      | Killed Grinder
  2927 | D:4      | Reached ** piety under Okawaru
  3301 | D:5      | Entered Level 5 of the Dungeon
  3414 | D:5      | Found a shadowy altar of Dithmenos.
  3502 | D:5      | Reached XP level 8. HP: 67/67 MP: 12/12
  3550 | D:5      | Reached *** piety under Okawaru
  4390 | D:6      | Noticed Tegun's ghost (novice OpSk)
  4658 | D:6      | Killed Tegun's ghost
  4757 | D:6      | Reached XP level 9. HP: 72/72 MP: 14/14
  4948 | D:6      | Reached **** piety under Okawaru
  4957 | D:6      | Received a gift from Okawaru
  4966 | D:6      | HP: 1/73 [something/puff of flame (12)]
  5310 | D:6      | Found a staircase to the Ecumenical Temple.
  5912 | D:7      | Noticed Joseph
  5932 | D:7      | Killed Joseph
  5932 | D:7      | Reached skill level 5 in Invocations
  6156 | D:7      | Received a gift from Okawaru
  6279 | D:7      | Found a sparkling altar of Nemelex Xobeh.
  6313 | D:7      | Noticed Pikel
  6323 | D:7      | Killed Pikel
  6323 | D:7      | Reached XP level 10. HP: 59/80 MP: 17/17
  6324 | D:7      | Received a gift from Okawaru
  6545 | D:8      | Noticed an elephant
  6545 | D:8      | Noticed Kuruc's ghost (novice TrBe)
  6562 | D:7      | HP: 3/80 [orc warrior/scimitar (6)]
  6567 | D:7      | Slain by an orc warrior

Skill      XL: |  1  2  3  4  5  6  7  8  9 |
---------------+----------------------------+-----
Invocations    | 1 2 3 4 5 |  5.4
Short Blades   | 1 2 3 4 |  4.9
Long Blades    | 1 2 3 4 |  4.9
Maces & Flails | 1 2 3 4 |  4.9
Polearms       | 1 2 3 4 |  4.9
Staves         | 1 2 3 4 |  4.9
Slings         | 1 2 3 4 |  4.9
Bows           | 1 2 3 4 |  4.9
Crossbows      | 1 2 3 4 |  4.9
Throwing       | 1 2 3 4 |  4.9
Dodging        | 1 2 3 4 |  4.9
Stealth        | 1 2 3 4 |  4.9
Unarmed Combat | 1 2 3 4 |  4.9
Spellcasting   | 1 2 3 4 |  4.9
Evocations     | 1 2 3 4 |  4.9
Conjurations   | 1 2 3 4 |  4.0
Hexes          | 1 2 3 4 |  4.0
Charms         | 1 2 3 4 |  4.0
Summonings     | 1 2 3 4 |  4.0
Necromancy     | 1 2 3 4 |  4.0
Translocations | 1 2 3 4 |  4.0
Transmutations | 1 2 3 4 |  4.0
Fire Magic     | 1 2 3 4 |  4.0
Ice Magic      | 1 2 3 4 |  4.0
Air Magic      | 1 2 3 4 |  4.0
Earth Magic    | 1 2 3 4 |  4.0
Poison Magic   | 1 2 3 4 |  4.0
Axes           | 5 6 |  6.8
Fighting       | 7 8 |  8.3
Armour         | 7 8 |  8.3
Shields        | 7 8 |  8.3

Action                   |  1- 3 |  4- 6 |  7- 9 | 10-12 || total
-------------------------+-------+-------+-------+-------++-------
Melee: War axe           |    15 |       |       |       ||    15
       Bite              |     7 |     6 |    30 |     7 ||    50
       Falchion          |    25 |       |       |       ||    25
       Great mace        |    28 |    65 |   228 |    17 ||   338
Throw: Tomahawk          |       |       |     6 |       ||     6
  Use: Scroll            |     5 |       |       |       ||     5
       Potion            |       |       |     1 |     3 ||     4
 Stab: Sleeping          |     2 |     3 |     6 |     2 ||    13
       Distracted        |       |       |     3 |       ||     3
  Eat: Chunk             |     1 |     5 |     8 |     1 ||    15
       Ration            |       |       |     1 |       ||     1
Armor: Scale mail        |    16 |    29 |   130 |     2 ||   177
Dodge: Dodged            |    35 |    48 |   179 |    15 ||   277
Block: Shield            |    26 |       |       |       ||    26
       Rpst.: Falchion   |     2 |       |       |       ||     2
